[Event "Titled Tuesday Blitz May 17 Early 2022"]
[White "Seo, Jung Min"]
[Black "Shuvalova, Polina"]
[WhiteFideId "1734687"]
[BlackFideId "24171760"]
[WhiteElo "2401"]
[BlackElo "2355"]
[Result "1-0"]
[Round "10"]
[TimeControl "180+1"]
[Date "2022.05.17"]
[WhiteClock "0:01:53"]
[BlackClock "0:00:15"]

1. d4 Nf6 2. c4 e6 3. Nf3 d5 4. Nc3 c5 5. cxd5 exd5 6. Bg5 Be6 7. e3 c4 8. Qa4+ Nbd7 9. Bxf6 gxf6 10. g3 a6 11. Bg2 b5 12. Qc2 f5 13. Bh3 Qf6 14. Nh4 f4 15. Bxe6 fxe6 16. exf4 Qxd4 17. O-O Be7 18. Nf3 Qf6 19. Rfe1 Nc5 20. Re2 O-O 21. Rae1 b4 22. Nxd5 exd5 23. Rxe7 Nd3 24. R1e2 Rf7 25. Rxf7 Qxf7 26. Ne5 Nxe5 27. Rxe5 d4 28. Qe4 Rd8 29. Rg5+ Kf8 30. Rf5 d3 31. Rxf7+ Kxf7 32. Qxc4+ Kf6 33. Qxa6+ Ke7 34. Qa7+ Ke6 35. Qe3+ Kf7 36. Qd2 Kg6 37. Kg2 h5 38. Kf3 Kf5 39. h3 1-0


[Site "https://www.chess.com"]

[Event "Titled Tuesday Blitz May 17 Early 2022"]
[White "Shimanov, Aleksandr"]
[Black "Grischuk, Alexander"]
[WhiteFideId "4198603"]
[BlackFideId "4126025"]
[WhiteElo "2605"]
[BlackElo "2762"]
[Result "0-1"]
[Round "10"]
[TimeControl "180+1"]
[Date "2022.05.17"]
[WhiteClock "0:00:03"]
[BlackClock "0:00:31"]

1. e4 e6 2. d4 d5 3. Nd2 c5 4. Ngf3 cxd4 5. Nxd4 Nf6 6. exd5 Nxd5 7. a3 Bc5 8. N2f3 O-O 9. Bd3 e5 10. Nb3 Bb6 11. O-O Nc6 12. Be4 Nde7 13. Qe2 f5 14. Bxc6 Nxc6 15. Nxe5 Re8 16. Nxc6 bxc6 17. Qf3 Ba6 18. Bf4 Bxf1 19. Rxf1 Qd5 20. Qxd5+ cxd5 21. Rd1 Re2 22. Be3 Bxe3 23. fxe3 Rxc2 24. Rxd5 Rxb2 25. Nd4 f4 26. exf4 Rd2 27. Rd7 Re8 28. h3 Re4 29. Rd8+ Kf7 30. Nc6 Rxd8 31. Nxd8+ Kf6 32. Nc6 Ra4 33. g3 Rxa3 34. Kf2 a5 0-1


[Site "https://www.chess.com"]

[Event "Titled Tuesday Blitz May 17 Early 2022"]
[White "Svane, Rasmus"]
[Black "Bortnyk, Olexandr"]
[WhiteFideId "4657101"]
[BlackFideId "14120828"]
[WhiteElo "2674"]
[BlackElo "2723"]
[Result "1-0"]
[Round "10"]
[TimeControl "180+1"]
[Date "2022.05.17"]
[WhiteClock "0:01:00"]
[BlackClock "0:00:05"]

1. Nf3 d6 2. d4 Nf6 3. g3 g6 4. Bg2 Bg7 5. O-O O-O 6. Re1 c5 7. dxc5 dxc5 8. c3 Bf5 9. Qxd8 Rxd8 10. Be3 Nbd7 11. Na3 Be4 12. Red1 b6 13. Nc4 Bd5 14. Nfe5 Nxe5 15. Nxe5 Bxg2 16. Kxg2 Nd5 17. Nc6 Nxe3+ 18. fxe3 Rxd1 19. Rxd1 Kf8 20. Rd7 a6 21. Nxe7 Ke8 22. Rb7 Rd8 23. Nc6 Rd2 24. Rb8+ Kd7 25. Rd8+ Kxc6 26. Rxd2 Bf6 27. Kf3 Bg5 28. h4 Be7 29. e4 Bd6 30. c4 f6 31. b3 Kd7 32. e5 fxe5 33. Ke4 Ke6 34. Rd1 h6 35. g4 a5 36. h5 g5 37. a4 Be7 38. Rf1 Bf6 39. Rxf6+ Kxf6 40. Kd5 e4 41. Kxe4 Ke6 42. e3 Kd6 43. Kf5 Kd7 44. Kf6 Kd6 45. e4 1-0


[Site "https://www.chess.com"]

[Event "Titled Tuesday Blitz May 17 Early 2022"]
[White "Vasquez Schroeder, Rodrigo"]
[Black "Indjic, Aleksandar"]
[WhiteFideId "3400042"]
[BlackFideId "911925"]
[WhiteElo "2567"]
[BlackElo "2616"]
[Result "0-1"]
[Round "10"]
[TimeControl "180+1"]
[Date "2022.05.17"]
[WhiteClock "0:00:02"]
[BlackClock "0:00:09"]

1. e4 c5 2. Nf3 e6 3. d4 cxd4 4. Nxd4 Nf6 5. Nc3 d6 6. Be2 a6 7. a4 Qc7 8. O-O Nbd7 9. f4 b6 10. Bf3 Bb7 11. Qe2 e5 12. Nd5 Qc5 13. b4 Qc8 14. Nf5 g6 15. fxe5 dxe5 16. Nh6 Bg7 17. Bg5 a5 18. Bxf6 Nxf6 19. Nxf6+ Bxf6 20. Bg4 Qc6 21. Rad1 Rd8 22. Rxd8+ Bxd8 23. Nxf7 Rf8 24. Nxe5 Rxf1+ 25. Qxf1 Qf6 26. Qb5+ Ke7 27. Qd7+ Kf8 28. Qxb7 Qxe5 29. Qd7 Be7 30. Qc8+ Kg7 31. Qd7 axb4 32. Bf3 Kh6 33. g3 Bc5+ 34. Kg2 Qc3 35. Qd1 Bd4 36. h4 Kg7 37. Be2 Qe3 38. Bd3 Qf2+ 39. Kh3 Be5 40. Qg4 Qg1 41. Qf3 h5 42. Bc4 Qc5 43. Qf7+ Kh6 44. Bd5 Qc8+ 45. Be6 Qc3 46. Qf8+ Bg7 47. Qf4+ Kh7 48. Bb3 Qe5 49. Kg2 Qc3 0-1


[Site "https://www.chess.com"]

[Event "Titled Tuesday Blitz May 17 Early 2022"]
[White "Vokhidov, Shamsiddin"]
[Black "Wagh Suyog"]
[WhiteFideId "14204223"]
[BlackFideId "25071688"]
[WhiteElo "2611"]
[BlackElo "2181"]
[Result "1-0"]
[Round "10"]
[TimeControl "180+1"]
[Date "2022.05.17"]
[WhiteClock "0:02:41"]
[BlackClock "0:02:23"]

1. e4 e5 2. Nf3 Nc6 3. Nc3 Nf6 4. a3 d5 5. Bb5 dxe4 6. Nxe5 Qd6 7. d4 exd3 8. O-O Be7 9. Bf4 Qc5 10. Nxd3 Qb6 11. Be3 1-0


[Site "https://www.chess.com"]

[Event "Titled Tuesday Blitz May 17 Early 2022"]
[White "Vovk, Orest"]
[Black "Garriga Cazorla, Pere"]
[WhiteFideId "14113490"]
[BlackFideId "32011601"]
[WhiteElo "2203"]
[BlackElo "2433"]
[Result "0-1"]
[Round "10"]
[TimeControl "180+1"]
[Date "2022.05.17"]
[WhiteClock "0:00:01"]
[BlackClock "0:00:24"]

1. h4 c5 2. h5 Nc6 3. Nc3 d5 4. e4 d4 5. Nce2 e5 6. Ng3 Be6 7. Nf3 f6 8. Bb5 Ne7 9. Qe2 a6 10. Bc4 Qd7 11. Bxe6 Qxe6 12. d3 O-O-O 13. Bd2 Kb8 14. a3 Rc8 15. b3 Rg8 16. Nh4 g6 17. hxg6 hxg6 18. Nf3 Rc7 19. Rh7 Nc8 20. Rxc7 Kxc7 21. O-O-O Rh8 22. Rh1 Rxh1+ 23. Nxh1 Nd6 24. Ng3 b5 25. Qe1 c4 26. dxc4 bxc4 27. Ba5+ Kb7 28. b4 Nb5 29. Qh1 Qf7 30. Qh8 Nxa3 31. Nh4 Bxb4 32. Bxb4 Nxb4 33. Qd8 Qc7 34. Qxf6 Naxc2 35. Nxg6 Na3 36. Nxe5 Qxe5 37. Qf7+ Kb6 38. f4 Qxf4+ 39. Qxf4 Nd3+ 40. Kd2 Nxf4 41. Nf5 c3+ 42. Kc1 d3 43. Ne3 Kc5 44. Nd5 Nxd5 0-1


[Site "https://www.chess.com"]

[Event "Titled Tuesday Blitz May 17 Early 2022"]
[White "Wagner, Dennis"]
[Black "Oparin, Grigoriy"]
[WhiteFideId "24650684"]
[BlackFideId "24125890"]
[WhiteElo "2355"]
[BlackElo "2665"]
[Result "1/2-1/2"]
[Round "10"]
[TimeControl "180+1"]
[Date "2022.05.17"]
[WhiteClock "0:00:02"]
[BlackClock "0:00:05"]

1. e4 c6 2. d4 d5 3. e5 Bf5 4. Nf3 e6 5. Be2 Ne7 6. c3 h6 7. O-O Nd7 8. a4 g5 9. b4 Bg7 10. a5 O-O 11. Na3 f6 12. exf6 Nxf6 13. Nc2 Ne4 14. Ra3 Ng6 15. Ne3 g4 16. Nd2 h5 17. Nxe4 Bxe4 18. f3 gxf3 19. Bxf3 Qh4 20. Bxe4 Qxe4 21. Qxh5 Nf4 22. Qg4 e5 23. dxe5 Qxe5 24. Ra2 Rf6 25. Raf2 Raf8 26. Nf5 Rxf5 27. Rxf4 Rxf4 28. Bxf4 Qxc3 29. Qe6+ Kh7 30. Qh3+ Qxh3 31. gxh3 Bc3 32. Bd6 Rxf1+ 33. Kxf1 Kg6 34. Ke2 Kf5 35. Kd3 Be5 36. Bc5 a6 37. Bg1 Bd6 38. Kc3 Ke4 39. h4 Be5+ 40. Kc2 d4 41. h5 Bf4 42. h3 d3+ 43. Kc3 d2 44. Kc2 Kf5 45. Bd4 Kg5 46. Bc3 Kxh5 47. Bxd2 Bd6 48. Kd3 Kh4 49. Kc4 Kxh3 50. Be3 Kg4 51. Bc5 Bc7 52. Bb6 Bb8 53. Kc5 Bg3 54. Bd8 Be1 55. Kd6 Bxb4+ 56. Kd7 c5 57. Kc8 c4 58. Bf6 Bxa5 59. Kxb7 Kf5 60. Bg7 Bd2 61. Kxa6 Be3 62. Kb5 Bd4 63. Kxc4 1/2-1/2


[Site "https://www.chess.com"]

[Event "Titled Tuesday Blitz May 17 Early 2022"]
[White "Yeletsky, Ivan"]
[Black "Liyanage, Ranindu Dilshan"]
[WhiteFideId "24180327"]
[BlackFideId "9915834"]
[WhiteElo "2319"]
[BlackElo "1858"]
[Result "1-0"]
[Round "10"]
[TimeControl "180+1"]
[Date "2022.05.17"]
[WhiteClock "0:00:25"]
[BlackClock "0:00:36"]

1. e4 e6 2. Qe2 d5 3. exd5 Qxd5 4. Nc3 Qd8 5. Nf3 Nf6 6. d4 b6 7. Qb5+ Bd7 8. Qg5 h6 9. Qh4 Bd6 10. Ne5 Nc6 11. Nxd7 Qxd7 12. Be3 Ne7 13. O-O-O Nf5 14. Qh3 O-O 15. Bd3 Bb4 16. Ne2 Rfe8 17. c3 Bd6 18. Bd2 Ne7 19. f4 Nfd5 20. g4 Ng6 21. Rhf1 Qe7 22. g5 hxg5 23. fxg5 e5 24. Ng3 Ndf4 25. Bxf4 exf4 26. Nf5 Qxg5 27. Rg1 Qf6 28. Rxg6 Qxg6 29. Nxd6 Qxd6 30. Qh7+ Kf8 31. Qh8+ Ke7 32. Re1+ Kd7 33. Bf5+ Re6 34. Qxa8 f3 35. Bxe6+ fxe6 36. Qxf3 1-0


[Site "https://www.chess.com"]

[Event "Titled Tuesday Blitz May 17 Early 2022"]
[White "Zavgorodniy, Sergiy"]
[Black "Yuan, Qingyu"]
[WhiteFideId "14110148"]
[BlackFideId "8609772"]
[WhiteElo "2420"]
[BlackElo "2359"]
[Result "1-0"]
[Round "10"]
[TimeControl "180+1"]
[Date "2022.05.17"]
[WhiteClock "0:00:10"]
[BlackClock "0:00:01"]

1. e4 c6 2. d4 d5 3. exd5 cxd5 4. c4 Nf6 5. Nc3 Nc6 6. Nf3 a6 7. c5 Bg4 8. Be2 g6 9. O-O Bg7 10. Na4 O-O 11. Nb6 Ra7 12. Be3 e6 13. h3 Bxf3 14. Bxf3 Nd7 15. Nxd7 Qxd7 16. Qd2 a5 17. Be2 Ne7 18. Bd3 Rc8 19. a4 Nc6 20. Bb5 Qe7 21. Bxc6 Rxc6 22. b4 axb4 23. Qxb4 Qc7 24. Rfb1 Rca6 25. Qb5 h6 26. Rb3 Kh7 27. Qe8 Ra8 28. Qb5 R8a7 29. Qe8 Ra8 30. Qb5 R6a7 31. Rab1 Bf6 32. Qb6 Qd7 33. Qd6 Qc8 34. h4 Kg7 35. Qf4 h5 36. Rb6 Qd7 37. a5 Bd8 38. g4 Bc7 39. Qg5 hxg4 40. h5 Bxb6 41. Rxb6 Qd8 42. Qh6+ Kg8 43. hxg6 Qf6 44. Qh7+ Kf8 45. g7+ Ke7 46. g8=Q Rxg8 47. Qxg8 Qf3 48. Bg5+ f6 49. Rxe6+ Kd7 50. Qf7+ Kc8 51. Re8# 1-0


[Site "https://www.chess.com"]

[Event "Titled Tuesday Blitz May 17 Early 2022"]
[White "Zhigalko, Sergei"]
[Black "Zakhartsov, Vladimir"]
[WhiteFideId "13502956"]
[BlackFideId "4145097"]
[WhiteElo "2662"]
[BlackElo "2428"]
[Result "1-0"]
[Round "10"]
[TimeControl "180+1"]
[Date "2022.05.17"]
[WhiteClock "0:00:07"]
[BlackClock "0:00:08"]

1. e4 c6 2. d4 d5 3. e5 Bf5 4. Nf3 e6 5. Be2 c5 6. Be3 Qb6 7. Nc3 Nc6 8. dxc5 Bxc5 9. Bxc5 Qxc5 10. Nb5 Nge7 11. Nc7+ Kd7 12. Nxa8 Qxc2 13. Qxc2 Bxc2 14. Bb5 Rxa8 15. Nd4 Bg6 16. Kd2 a6 17. Bxc6+ Nxc6 18. Nxc6 bxc6 19. b4 f6 20. f4 a5 21. a3 Be4 22. Rhf1 Kc7 23. g3 Kb6 24. Kc3 c5 25. bxc5+ Kxc5 26. Rfc1 Rb8 27. Ra2 fxe5 28. fxe5 d4+ 29. Kd2+ Kd5 30. Rc7 Kxe5 31. Rc5+ Bd5 32. Rxa5 Rf8 33. Kd3 Rf3+ 34. Ke2 Ke4 35. Rb2 d3+ 36. Kd2 Rf2+ 37. Kc3 Rxb2 38. Kxb2 d2 39. Kc2 Ke3 40. Rxd5 exd5 41. Kd1 Kd3 42. a4 Kc4 43. Kxd2 Kb4 44. Kd3 Kxa4 45. Kd4 Kb3 46. Kxd5 Kc3 47. Ke6 Kd3 48. Kf7 g5 49. Kf6 g4 50. Kg5 1-0


[Site "https://www.chess.com"]

[Event "Titled Tuesday Blitz May 17 Early 2022"]
[White "Abdusattorov, Nodirbek"]
[Black "Jarovinsky, Alexey"]
[WhiteFideId "14204118"]
[BlackFideId "14115131"]
[WhiteElo "2663"]
[BlackElo "2446"]
[Result "1-0"]
[Round "11"]
[TimeControl "180+1"]
[Date "2022.05.17"]
[WhiteClock "0:02:39"]
[BlackClock "0:01:40"]

1. g3 Nc6 2. Bg2 e5 3. b3 d6 4. Bb2 g6 5. c4 Bg7 6. Nf3 Nge7 7. d4 O-O 8. O-O Bg4 9. dxe5 dxe5 10. h3 Bxf3 11. exf3 Qxd1 12. Rxd1 Rfd8 13. Na3 a6 14. Kf1 Rxd1+ 15. Rxd1 Rd8 16. Rxd8+ Nxd8 17. Nc2 f6 18. Ne3 Bf8 19. f4 exf4 20. gxf4 f5 21. Nd5 Ne6 22. Nxe7+ Bxe7 23. Bxb7 a5 24. Bd5 Kf7 25. Be5 Bd6 26. Bxd6 cxd6 27. Bxe6+ 1-0


[Site "https://www.chess.com"]

[Event "Titled Tuesday Blitz May 17 Early 2022"]
[White "Andreikin, Dmitry"]
[Black "Svane, Rasmus"]
[WhiteFideId "4158814"]
[BlackFideId "4657101"]
[WhiteElo "2736"]
[BlackElo "2674"]
[Result "1-0"]
[Round "11"]
[TimeControl "180+1"]
[Date "2022.05.17"]
[WhiteClock "0:00:06"]
[BlackClock "0:00:01"]

1. d4 Nf6 2. c4 e6 3. Nf3 d5 4. g3 Be7 5. Bg2 O-O 6. O-O dxc4 7. Qc2 a6 8. a4 Bd7 9. Qxc4 Bc6 10. Bf4 Bd6 11. Qc1 Nbd7 12. Nc3 Qe7 13. a5 Rfe8 14. Rd1 Bxf3 15. Bxf3 c6 16. Bxd6 Qxd6 17. Na4 Rad8 18. Qc3 h6 19. e3 Qc7 20. b4 Qb8 21. Bg2 e5 22. dxe5 Nxe5 23. Nc5 Ned7 24. Nb3 Nf8 25. Nd4 Ne6 26. Nf5 Rxd1+ 27. Rxd1 Rd8 28. Rc1 Kh7 29. Qc2 g6 30. Qb2 Nd5 31. Nh4 Qd6 32. Rb1 Qe7 33. Nf3 Qf6 34. Ne5 Kg8 35. h4 h5 36. Bh3 Ndc7 37. Bf1 Rd5 38. f4 Rd8 39. Bc4 Nd5 40. Re1 Ne7 41. e4 Kh7 42. Qa2 Rd4 43. Nf3 Rd8 44. Bxe6 fxe6 45. Qxe6 Qxe6 46. Ng5+ Kg8 47. Nxe6 Rd3 48. Kf2 Rb3 49. Rd1 Rxb4 50. Rd8+ Kf7 51. Ng5+ Kg7 52. Re8 Ng8 53. Ke3 Nf6 54. Re7+ Kg8 55. Kd3 c5 56. Re6 Kg7 57. Re7+ Kg8 58. Re6 Kg7 59. Rd6 Ng4 60. Rd7+ Kf8 61. e5 Ke8 62. Rg7 Rb3+ 63. Kc4 Rxg3 64. Kxc5 Rc3+ 65. Kb6 Rb3+ 66. Kc7 Ne3 67. e6 Nd5+ 68. Kd6 Nf6 69. Rxg6 Rd3+ 70. Kc7 Nd5+ 71. Kxb7 Nxf4 72. Rg7 Rd6 73. e7 Nd5 74. Ne4 Re6 75. Nc5 Rxe7+ 76. Rxe7+ Nxe7 77. Nxa6 Kd8 78. Nb4 Nf5 79. a6 Nd6+ 80. Kb6 Nc8+ 81. Kc6 Ke7 82. Kc7 Nd6 83. Nc6+ Ke6 84. Nd4+ Kd5 85. a7 Nb5+ 86. Nxb5 1-0


[Site "https://www.chess.com"]

[Event "Titled Tuesday Blitz May 17 Early 2022"]
[White "Aradhya, Garg"]
[Black "Kobo, Ori"]
[WhiteFideId "25006746"]
[BlackFideId "2812320"]
[WhiteElo "2169"]
[BlackElo "2420"]
[Result "1/2-1/2"]
[Round "11"]
[TimeControl "180+1"]
[Date "2022.05.17"]
[WhiteClock "0:00:25"]
[BlackClock "0:00:06"]

1. d4 Nf6 2. Nf3 g6 3. g3 Bg7 4. Bg2 d6 5. O-O O-O 6. Nc3 Nbd7 7. a4 e5 8. a5 e4 9. Ng5 d5 10. f3 exf3 11. exf3 h6 12. Nh3 Re8 13. Nf4 Nf8 14. Nce2 Qe7 15. Re1 Bf5 16. c3 c5 17. Nd3 Bxd3 18. Qxd3 cxd4 19. cxd4 Ne6 20. Bd2 Qd7 21. Rac1 a6 22. Nf4 Nxf4 23. Bxf4 Rxe1+ 24. Rxe1 Rc8 25. Rc1 Rxc1+ 26. Bxc1 Qc6 27. Bd2 Ne8 28. Kf2 Nd6 29. Qc3 Qa4 30. Be3 Nb5 31. Qd3 Qa2 32. Qd2 Qa4 33. Bf1 Nxd4 34. f4 Nf5 35. Qxd5 Nxe3 36. Kxe3 Qc2 37. Qd8+ Kh7 38. Qd2 Qc5+ 39. Kf3 Qc6+ 40. Kf2 Qc5+ 41. Kf3 Qc6+ 42. Kf2 Qf6 43. b4 Bf8 44. b5 Bc5+ 45. Kg2 axb5 46. Bxb5 Qa1 47. Bc4 Qg1+ 48. Kh3 Qd4 49. Qxd4 Bxd4 50. Bxf7 Bc3 51. Bd5 Bxa5 52. Bxb7 Kg7 53. Kg4 Kf6 54. Kf3 Bb6 55. Be4 g5 56. h4 gxh4 57. gxh4 Bc7 58. Kg4 Bb8 59. Bd3 Bc7 60. Bc2 Bb8 61. Bb3 Bc7 62. Kf3 Bb8 63. Bc4 Bc7 64. Bd3 Bb8 65. f5 Bc7 66. Kg4 Bb6 67. Kh5 Be3 68. Kg4 Bc1 69. Bc2 Bd2 70. Kf3 Bc1 71. Ke4 Ba3 72. Kf3 Bc1 73. Kg4 Bd2 74. Kh5 Bc1 75. Bd3 Bd2 76. Kg4 Bc1 77. Kf3 Bd2 78. Ke4 Bb4 79. h5 Bd2 80. Be2 Bc1 81. Bg4 Bg5 82. Kd5 Bf4 83. Kc6 Bg5 84. Kd7 Bh4 85. Ke8 Kg5 86. Kf7 Kxg4 87. Kg6 Bg5 88. f6 Bxf6 89. Kxh6 Be5 90. Kg6 Bf4 91. h6 Bxh6 1/2-1/2


[Site "https://www.chess.com"]

[Event "Titled Tuesday Blitz May 17 Early 2022"]
[White "Barria Zuniga, Daniel"]
[Black "Raahul V S"]
[WhiteFideId "3400816"]
[BlackFideId "25035525"]
[WhiteElo "2414"]
[BlackElo "2185"]
[Result "1-0"]
[Round "11"]
[TimeControl "180+1"]
[Date "2022.05.17"]
[WhiteClock "0:00:13"]
[BlackClock "0:00:01"]

1. c4 f5 2. g3 Nf6 3. Bg2 e6 4. Nf3 d5 5. O-O Bd6 6. d3 O-O 7. Nc3 Nc6 8. e4 fxe4 9. dxe4 d4 10. Nxd4 Ne5 11. Qe2 Bc5 12. Nb3 Bb4 13. Rd1 Qe7 14. f4 Neg4 15. e5 Bc5+ 16. Kf1 Nxh2+ 17. Ke1 Nfg4 18. Ne4 Bb4+ 19. Bd2 Nh6 20. c5 Bxd2+ 21. Rxd2 Bd7 22. Rad1 Bc6 23. Ng5 N2g4 24. Bxc6 bxc6 25. Rd7 Qe8 26. Rxc7 Qh5 27. Rdd7 Nf5 28. Qg2 Nge3 29. Qh3 Qxh3 30. Nxh3 Rfc8 31. Kf2 Nc4 32. Ng5 Rxc7 33. Rxc7 a5 34. Nxe6 a4 35. Nbd4 Nxd4 36. Nxd4 Nxb2 37. Nxc6 Nd3+ 38. Ke3 Nb4 39. Ke4 Nxa2 40. Nd4 Nc3+ 41. Kd3 Nd5 42. Rd7 Nb4+ 43. Kc4 Na6 44. c6 a3 45. c7 Nxc7 46. Rxc7 a2 47. Nc2 a1=Q 48. Nxa1 Rxa1 49. e6 Kf8 50. Rf7+ Kg8 51. Rd7 Kf8 52. Kd5 Rd1+ 53. Kc6 Re1 54. Kd6 Rd1+ 55. Kc7 Re1 56. Rf7+ Ke8 57. Rxg7 1-0


[Site "https://www.chess.com"]

[Event "Titled Tuesday Blitz May 17 Early 2022"]
[White "Bortnyk, Olexandr"]
[Black "Babazada, Khazar"]
[WhiteFideId "14120828"]
[BlackFideId "13413554"]
[WhiteElo "2723"]
[BlackElo "2406"]
[Result "0-1"]
[Round "11"]
[TimeControl "180+1"]
[Date "2022.05.17"]
[WhiteClock "0:00:01"]
[BlackClock "0:00:28"]

1. d4 Nf6 2. Nc3 d5 3. Bf4 a6 4. e3 e6 5. Nf3 c5 6. a3 Nc6 7. Bd3 Bd6 8. dxc5 Bxc5 9. O-O Bd6 10. Bxd6 Qxd6 11. e4 d4 12. e5 Nxe5 13. Nxd4 O-O 14. Ne4 Nxe4 15. Bxe4 Qb6 16. Bxh7+ Kxh7 17. Qh5+ Kg8 18. Qxe5 Qxb2 19. Rab1 Qxa3 20. Rb3 Qa4 21. Rh3 f6 22. Qe4 Kf7 23. Rg3 Rg8 24. Re1 Qc4 25. Qg6+ Kf8 26. Nf5 Qxc2 27. Rge3 Qc5 28. g4 Bd7 29. Rd3 Be8 30. Qh7 exf5 31. Rde3 Bf7 32. g5 f4 33. Rd3 Qxg5+ 34. Kh1 Re8 35. Rxe8+ Bxe8 36. Qh3 Bc6+ 37. f3 Kf7 38. Rd7+ Bxd7 39. Qxd7+ Kg6 40. h4 Qxh4+ 41. Kg2 Qg3+ 42. Kf1 Qxf3+ 43. Kg1 Qe3+ 44. Kf1 Re8 45. Qg4+ Kf7 46. Qh5+ Ke7 47. Qg6 Qf3+ 48. Kg1 Qg3+ 49. Kh1 Rh8+ 0-1


[Site "https://www.chess.com"]

[Event "Titled Tuesday Blitz May 17 Early 2022"]
[White "Costachi, Mihnea"]
[Black "Hua, Lefong"]
[WhiteFideId "1217518"]
[BlackFideId "2602253"]
[WhiteElo "2476"]
[BlackElo "2634"]
[Result "1-0"]
[Round "11"]
[TimeControl "180+1"]
[Date "2022.05.17"]
[WhiteClock "0:00:17"]
[BlackClock "0:00:09"]

1. e4 c5 2. b3 Nf6 3. e5 Nd5 4. Bb2 g6 5. g3 Bg7 6. Bg2 Nb6 7. f4 O-O 8. Nf3 d6 9. O-O Nc6 10. d4 cxd4 11. Nxd4 Nxd4 12. Bxd4 dxe5 13. Bxe5 Bxe5 14. fxe5 Qc7 15. Qe2 Bf5 16. c4 Rad8 17. Rxf5 gxf5 18. Nc3 e6 19. Nb5 Qc5+ 20. Kh1 a6 21. Nd6 Rxd6 22. exd6 Qxd6 23. Rd1 Qc7 24. Qd2 Qe7 25. a4 Nc8 26. Qd4 b6 27. h3 Qg5 28. Kh2 Ne7 29. Qxb6 f4 30. Qf2 e5 31. gxf4 exf4 32. Be4 Ng6 33. Rd5 Qf6 34. Qd4 Qh4 35. Qg1 Rb8 36. Rd3 Qe7 37. Qg2 Qe5 38. Bf3 Kf8 39. Qe2 Qg5 40. Qg2 Qf6 41. c5 Ne5 42. Rd6 Nxf3+ 43. Qxf3 Qb2+ 44. Qg2 Qxg2+ 45. Kxg2 Rxb3 46. Rxa6 Rc3 47. Rc6 Ra3 48. Ra6 Rc3 49. c6 Kg7 50. a5 Rc5 51. Kf3 f6 52. Ra7+ Kg6 53. Kxf4 f5 54. c7 Kf6 55. Ra6+ Kf7 56. Ra7 Kf6 57. a6 Rc4+ 58. Kf3 Rc6 59. Rb7 Rc3+ 60. Ke2 Rc2+ 61. Kd3 1-0


[Site "https://www.chess.com"]

[Event "Titled Tuesday Blitz May 17 Early 2022"]
[White "Demchenko, Anton"]
[Black "Nakamura, Hikaru"]
[WhiteFideId "4160258"]
[BlackFideId "2016192"]
[WhiteElo "2539"]
[BlackElo "2850"]
[Result "1-0"]
[Round "11"]
[TimeControl "180+1"]
[Date "2022.05.17"]
[WhiteClock "0:00:17"]
[BlackClock "0:00:14"]

1. e4 c6 2. d4 d5 3. e5 Bf5 4. Bd3 Bxd3 5. Qxd3 Qa5+ 6. c3 Qa6 7. Qd1 e6 8. Ne2 c5 9. O-O Nc6 10. Be3 cxd4 11. cxd4 Nge7 12. Ng3 g6 13. Nd2 h5 14. h4 Nf5 15. Nxf5 gxf5 16. Nf3 Be7 17. a3 Kd7 18. b4 Rag8 19. g3 Rg4 20. Kh1 Re4 21. Qd2 Rg8 22. Rfb1 Qa4 23. Qd3 Rgg4 24. Rc1 a6 25. Rcb1 Na7 26. Rc1 Nc6 27. Rcb1 Qb5 28. Qd1 Ke8 29. a4 Qb6 30. b5 Na5 31. bxa6 Qxa6 32. Rb5 Nc4 33. Bg5 Bxg5 34. Nxg5 Rxd4 35. Qb3 Nxe5 36. Rxb7 Rxa4 37. Rb8+ Ke7 38. Rb1 Rgc4 39. Qe3 Qd6 40. Nh7 f4 41. R1b7+ Nd7 42. Qf3 Rc1+ 43. Kg2 Raa1 44. Qxh5 f3+ 45. Qxf3 Rh1 46. Qf6# 1-0


[Site "https://www.chess.com"]

[Event "Titled Tuesday Blitz May 17 Early 2022"]
[White "Garriga Cazorla, Pere"]
[Black "Shimanov, Aleksandr"]
[WhiteFideId "32011601"]
[BlackFideId "4198603"]
[WhiteElo "2433"]
[BlackElo "2605"]
[Result "1-0"]
[Round "11"]
[TimeControl "180+1"]
[Date "2022.05.17"]
[WhiteClock "0:00:12"]
[BlackClock "0:00:01"]

1. d4 Nf6 2. c4 g6 3. Nc3 Bg7 4. e4 O-O 5. h3 d6 6. Be3 Na6 7. g4 e5 8. d5 Nc5 9. f3 a5 10. Nge2 c6 11. Ng3 a4 12. Qd2 Qa5 13. h4 cxd5 14. cxd5 a3 15. b3 Bd7 16. Be2 Rfc8 17. Nd1 Qxd2+ 18. Kxd2 Na6 19. Nc3 Bf8 20. g5 Ne8 21. Rhc1 Nb4 22. Nf1 Be7 23. Kd1 Rab8 24. Ba7 Ra8 25. Be3 Bd8 26. Nd2 Rab8 27. Nc4 Ra8 28. Nb6 Bxb6 29. Bxb6 Ng7 30. Be3 Nh5 31. Bd2 Nf4 32. Bxf4 exf4 33. Kd2 Kg7 34. Bb5 Bh3 35. Ba4 Bg2 36. Rg1 Bxf3 37. Raf1 Bh5 38. Rxf4 Rc7 39. Bb5 Rac8 40. Bc4 Re7 41. Rgf1 Rf8 42. Nb5 Rd7 43. Nxa3 Na6 44. Bxa6 bxa6 45. Nc4 Rfd8 46. Ke3 h6 47. Kd4 hxg5 48. hxg5 Re7 49. R1f2 Rdd7 50. Rf6 Rb7 51. Nxd6 Rb5 52. Rxf7+ Rxf7 53. Rxf7+ Kg8 54. Rb7 Ra5 55. a4 Bd1 56. Ke5 Kf8 57. Kf6 Kg8 58. Rb8+ Kh7 59. Nf7 Rb5 60. Rh8# 1-0


[Site "https://www.chess.com"]

[Event "Titled Tuesday Blitz May 17 Early 2022"]
[White "Gunina, Valentina"]
[Black "Schekachikhin, Maksim"]
[WhiteFideId "4167570"]
[BlackFideId "24177830"]
[WhiteElo "2381"]
[BlackElo "2239"]
[Result "1-0"]
[Round "11"]
[TimeControl "180+1"]
[Date "2022.05.17"]
[WhiteClock "0:01:05"]
[BlackClock "0:00:12"]

1. d4 d5 2. c4 e6 3. Nf3 a6 4. cxd5 exd5 5. Nc3 Nf6 6. Bg5 Be6 7. e3 Bd6 8. Bd3 Nbd7 9. O-O c6 10. Qd2 Qc7 11. Bf4 O-O 12. Rfe1 Rfe8 13. Rac1 Nh5 14. Bxd6 Qxd6 15. e4 dxe4 16. Nxe4 Qf4 17. Qb4 Ndf6 18. Qxb7 Bd5 19. Nxf6+ Nxf6 20. Bf1 Ne4 21. Qb4 a5 22. Qa3 h5 23. Qe3 Qf6 24. Ne5 Nd6 25. Qh3 Nb5 26. Bxb5 cxb5 27. a3 g6 28. Rc5 Bc4 29. Qc3 Rad8 30. h3 Qf4 31. Nxc4 bxc4 32. Rxc4 Rxe1+ 33. Qxe1 Rxd4 34. Rxd4 Qxd4 35. Qxa5 Qxb2 36. Qb4 Qc1+ 37. Kh2 Qc2 38. Qd4 Qc7+ 39. g3 Qa5 40. a4 Qe1 41. h4 Kh7 42. Kg2 Kg8 43. Qd5 Kg7 44. a5 Qa1 45. Qa8 f6 46. a6 g5 47. a7 gxh4 48. Qb7+ 1-0


[Site "https://www.chess.com"]

[Event "Titled Tuesday Blitz May 17 Early 2022"]
[White "Indjic, Aleksandar"]
[Black "Grischuk, Alexander"]
[WhiteFideId "911925"]
[BlackFideId "4126025"]
[WhiteElo "2616"]
[BlackElo "2762"]
[Result "1-0"]
[Round "11"]
[TimeControl "180+1"]
[Date "2022.05.17"]
[WhiteClock "0:00:05"]
[BlackClock "0:00:03"]

1. d4 Nf6 2. c4 e6 3. Nc3 Bb4 4. Qc2 O-O 5. Nf3 d5 6. Bg5 c5 7. dxc5 h6 8. Bh4 Nbd7 9. cxd5 exd5 10. e3 Qa5 11. Bd3 Ne4 12. O-O Bxc3 13. bxc3 Ndxc5 14. Rfc1 Nxd3 15. Qxd3 Be6 16. Be7 Rfc8 17. Bb4 Qd8 18. Nd4 Rc4 19. f3 Nf6 20. Ba3 Rac8 21. Rab1 Qa5 22. Bb4 Qa6 23. Be7 Nd7 24. f4 Re8 25. Bb4 Nf6 26. a4 Qxa4 27. Ra1 Qd7 28. Rxa7 Qc8 29. Rca1 Bd7 30. h3 Ne4 31. Ne2 Bb5 32. Qxd5 Rxb4 33. cxb4 Bxe2 34. Ra8 Qxa8 35. Rxa8 Rxa8 36. Qxe4 Rb8 37. Qe5 Rc8 38. Qd5 b5 39. e4 Bc4 40. Qd7 Ra8 41. f5 Ra1+ 42. Kf2 f6 43. g4 Ra2+ 44. Ke3 Ra3+ 45. Kf4 Rxh3 46. e5 fxe5+ 47. Kxe5 Re3+ 48. Kf4 Rd3 49. Qc8+ Kh7 50. Qc7 Kg8 51. Qb8+ Kh7 52. Qe5 Rd5 53. Qe7 Rd4+ 54. Kg3 Kg8 55. Qe8+ Kh7 56. Qg6+ Kg8 57. f6 Rd7 58. Qe8+ 1-0


[Site "https://www.chess.com"]

[Event "Titled Tuesday Blitz May 17 Early 2022"]
[White "Izzat, Kanan"]
[Black "Gurevich, Dmitry"]
[WhiteFideId "13405209"]
[BlackFideId "2000407"]
[WhiteElo "2362"]
[BlackElo "2506"]
[Result "1-0"]
[Round "11"]
[TimeControl "180+1"]
[Date "2022.05.17"]
[WhiteClock "0:00:57"]
[BlackClock "0:00:32"]

1. e4 c5 2. Nf3 d6 3. d4 cxd4 4. Nxd4 Nf6 5. Nc3 Nc6 6. Bg5 e6 7. Qd2 Be7 8. O-O-O O-O 9. h4 a6 10. Kb1 Nxd4 11. Qxd4 b5 12. f4 Bb7 13. Bd3 Rc8 14. Ne2 Qc7 15. Qe3 Qc5 16. Qf3 d5 17. e5 Ne4 18. Bxe7 Qxe7 19. Nd4 f6 20. exf6 Qxf6 21. Bxe4 dxe4 22. Qa3 Rfd8 23. Qe3 Rf8 24. g3 e5 25. Qb3+ Kh8 26. Ne6 Rfe8 27. Rd6 Rc6 28. Ng5 Rxd6 29. Nf7+ Qxf7 30. Qxf7 Red8 31. b3 R6d7 32. Qe6 exf4 33. gxf4 h6 34. Kb2 Rd6 35. Qe5 Rf6 36. Qe7 Rb8 37. Rg1 1-0


[Site "https://www.chess.com"]